 Dungeon Crawl Stone Soup version 0.29.0-4-gdea44cf6ec (webtiles) character file.

Game seed: 645252214509373345

81 qw the Chopper (level 4, -13/26 HPs)
             Began as a Tengu Warper on Aug 28, 2022.
             Mangled by Crazy Yiuf
             ... wielding a +3 quarterstaff of chaos
              (16 damage)
             ... on level 2 of the Dungeon.
             The game lasted 00:00:19 (2761 turns).

qw the Chopper (Tengu Warper)                       Turns: 2761, Time: 00:00:20

Health: -13/26     AC:  5    Str: 14    XL:     4   Next: 42%
Magic:  8/8        EV:  8    Int: 13    God:
Gold:   124        SH:  0    Dex: 13    Spells: 7/7 levels left

rFire   . . .      SeeInvis .   Y - +0 hand axe
rCold   . . .      Faith    .   (no shield)
rNeg    . . .      Spirit   .   h - +0 ring mail
rPois   .          Reflect  .   (helmet restricted)
rElec   .          Harm     .   (no cloak)
rCorr   .          Rampage  .   (no gloves)
Will    .....                   (boots unavailable)
Stlth   +.........              (no amulet)
HPRegen 0.08/turn               (no ring)
MPRegen 0.11/turn               (no ring)

@: grasped by roots, constricted
A: beak, talons 3
a: no special abilities


You were on level 2 of the Dungeon.
You visited 1 branch of the dungeon, and saw 3 of its levels.

You collected 124 gold pieces.


Innate Abilities, Weirdness & Mutations

You have a beak for a mouth.
You have claws for feet.


   Skills:
 - Level 2.0 Fighting
 + Level 5.0 Axes
 - Level 1.0 Throwing
 - Level 1.1 Armour
 - Level 2.1 Dodging
 - Level 2.0 Spellcasting
 - Level 2.4 Translocations


You had 7 spell levels left.
You didn't know any spells.
Your spell library contained the following spells:

 Spells                   Type           Power      Damage    Failure   Level
 Blink                    Tloc           14%        N/A       30%         2
 Gell's Gravitas          Tloc           7%         N/A       52%         3
 Lesser Beckoning         Tloc           7%         N/A       52%         3
 Teleport Other           Tloc           7%         N/A       52%         3
 Manifold Assault         Tloc           7%         N/A       99%         5

Inventory:

Hand Weapons
 k - a +0 whip
 Y - a +0 hand axe (weapon)
Armour
 h - a +0 ring mail (worn)
Scrolls
 c - a scroll of identify
 i - 2 scrolls of enchant armour
Potions
 a - a potion of curing
 b - a potion of might {unknown}
 d - a potion of invisibility {unknown}
 e - a potion of lignification {unknown}
 f - a potion of brilliance {unknown}
 g - a potion of ambrosia {unknown}

Dungeon Overview and Level Annotations

Branches:
Dungeon (3/15)

Altars:
Fedhas
Gozag
Hepliaklqana
Kikubaaqudgha
Makhleb
Okawaru
Sif Muna
Vehumet
Wu Jian
Xom
Yredelemnul

Annotations:
D:2 Crazy Yiuf


Message History

HP restored.
You see here 3 stones.
Crazy Yiuf shouts!
Could not explore, unopened runed door.
2754 ||| READING scroll labelled LUFOKO EBEGHUO.
The air fills with toxic fumes!
As you read the scroll labelled LUFOKO EBEGHUO, it crumbles to dust.
It was a scroll of poison.
Crazy Yiuf laughs, "Iron!"
Could not explore, unopened runed door.
(D) Dungeon
Where to? (* - list waypoints, Enter - D:3 @ (x,y), ? - help)
What level of the Dungeon? (default 1, ? - help) Sorry, I don't know how to get there.
Could not explore, unopened runed door.
2755 ||| Stepping randomly (stuck).
You open the door. You barely miss Crazy Yiuf. Crazy Yiuf misses you.
You hit Crazy Yiuf.
Crazy Yiuf is moderately wounded.
Crazy Yiuf misses you.
You closely miss Crazy Yiuf. Your kick misses Crazy Yiuf.
You peck Crazy Yiuf, but do no damage.
Crazy Yiuf is moderately wounded.
Crazy Yiuf says, "Rot!
Pitchfork agre sanguine."
Crazy Yiuf hits you with a +3 quarterstaff of chaos!
Crazy Yiuf burns you.
You slash Crazy Yiuf! You claw Crazy Yiuf, but do no damage.
Crazy Yiuf is severely wounded.
Crazy Yiuf zaps a wand.
The roots erupt in riotous growth!
The grasping roots grab you!
Crazy Yiuf is unaffected.
The grasping roots constrict you.
You hit Crazy Yiuf. Your kick misses Crazy Yiuf.
Crazy Yiuf is almost dead.
Crazy Yiuf closely misses you. The grasping roots constrict you!
You hit Crazy Yiuf but do no damage. Your kick misses Crazy Yiuf.
Crazy Yiuf is almost dead.
Crazy Yiuf hits you with a +3 quarterstaff of chaos!
Ouch! That really hurt!
You die...

#.##+##..............###
#....................# #
#................##### #
################.# #
#.## # 77777##..# # ###
777¤7....#.# #
#...#7¤07.......# #
#...g@7777......# #
#)..#77 77....## ###
77####


You could see Crazy Yiuf.

Vanquished Creatures
  2 worms (D:2)
  2 dart slugs (D:2)
  8 orcs (D:3)
  6 ball pythons
  An endoplasm (D:1)
  4 giant cockroaches
  3 goblins
  5 hobgoblins
  2 jackals (D:2)
  7 quokkas
  4 bats
  2 frilled lizards (D:1)
  9 kobolds
  3 rats
58 creatures vanquished.

Notes
Turn   | Place    | Note
-------+----------+-------------------------------------------
     0 | D:1      | qw the Tengu Warper began the quest for the Orb.
     0 | D:1      | Reached XP level 1. HP: 12/12 MP: 4/4
     0 | D:1      | 0 ||| qw: Version: 0.1-a-89-g26bdef1
     0 | D:1      | 0 ||| qw: Game counter: 2507
     0 | D:1      | 0 ||| qw: Always use a shield: true
     0 | D:1      | 0 ||| qw: God list: Okawaru
     0 | D:1      | 0 ||| qw: Allow faded altars: false
     0 | D:1      | 0 ||| qw: Do Orc after D:15 true
     0 | D:1      | 0 ||| qw: Do second Lair branch before Depths: true
     0 | D:1      | 0 ||| qw: Lair rune preference: random
     0 | D:1      | 0 ||| qw: Plans: Normal
     0 | D:1      | 0 ||| PLANNING D:1-11
    36 | D:1      | 36 ||| Stepping ~*~*~tactically~*~*~ (stealth).
    38 | D:1      | 38 ||| Stepping ~*~*~tactically~*~*~ (stealth).
    40 | D:1      | 40 ||| Stepping ~*~*~tactically~*~*~ (stealth).
    56 | D:1      | 56 ||| Stepping ~*~*~tactically~*~*~ (stealth).
   112 | D:1      | 112 ||| Stepping ~*~*~tactically~*~*~ (stealth).
   157 | D:1      | Reached XP level 2. HP: 13/17 MP: 6/6
   165 | D:1      | Reached skill level 3 in Axes
   215 | D:1      | 215 ||| Stepping ~*~*~tactically~*~*~ (stealth).
   232 | D:1      | 232 ||| Stepping ~*~*~tactically~*~*~ (stealth).
   234 | D:1      | 234 ||| Stepping ~*~*~tactically~*~*~ (stealth).
   265 | D:1      | Found a faded altar of an unknown god.
   286 | D:1      | 286 ||| Stepping ~*~*~tactically~*~*~ (stealth).
   291 | D:1      | 291 ||| Stepping ~*~*~tactically~*~*~ (stealth).
   294 | D:1      | 294 ||| Stepping ~*~*~tactically~*~*~ (stealth).
   298 | D:1      | 298 ||| Stepping ~*~*~tactically~*~*~ (stealth).
   299 | D:1      | 299 ||| Stepping ~*~*~tactically~*~*~ (stealth).
   422 | D:1      | 422 ||| Stepping ~*~*~tactically~*~*~ (stealth).
   452 | D:1      | 452 ||| Stepping ~*~*~tactically~*~*~ (stealth).
   453 | D:1      | 453 ||| Stepping ~*~*~tactically~*~*~ (stealth).
   462 | D:1      | 462 ||| Stepping ~*~*~tactically~*~*~ (stealth).
   560 | D:1      | Reached XP level 3. HP: 19/21 MP: 7/7
   612 | D:1      | 612 ||| Stepping ~*~*~tactically~*~*~ (stealth).
   613 | D:1      | 613 ||| Stepping ~*~*~tactically~*~*~ (stealth).
   819 | D:1      | 819 ||| UPGRADING to +0 ring mail.
   829 | D:1      | 829 ||| DROPPING +0 leather armour.
   830 | D:1      | 830 ||| READING scroll labelled JINIRO FEUREBIW.
   831 | D:1      | 831 ||| READING scroll labelled ARIYPU IGUOXT.
   832 | D:1      | 832 ||| DROPPING scroll of blinking.
   984 | D:2      | Reached skill level 4 in Axes
  1286 | D:2      | HP: 1/21 [worm (8)]
  1581 | D:2      | 1581 ||| FLEEEEING.
  1596 | D:2      | 1596 ||| FLEEEEING.
  1597 | D:2      | 1597 ||| FLEEEEING.
  1834 | D:2      | Found a runed translucent door.
  1835 | D:2      | Noticed Crazy Yiuf
  2034 | D:2      | 2034 ||| READING 2 scrolls labelled OKASIE VAMISTO.
  2035 | D:2      | 2035 ||| READING 3 scrolls labelled GUIP ZUITUKEPI.
  2036 | D:2      | 2036 ||| READING scroll labelled QURCHUKU OJAOCS.
  2137 | D:2      | 2137 ||| DRINKING 2 orange potions.
  2205 | D:3      | 2205 ||| Stepping ~*~*~tactically~*~*~ (stealth).
  2208 | D:3      | 2208 ||| Stepping ~*~*~tactically~*~*~ (stealth).
  2209 | D:3      | 2209 ||| Stepping ~*~*~tactically~*~*~ (stealth).
  2210 | D:3      | 2210 ||| Stepping ~*~*~tactically~*~*~ (stealth).
  2217 | D:3      | Reached XP level 4. HP: 26/26 MP: 8/8
  2234 | D:3      | 2234 ||| DROPPING +0 club.
  2326 | D:3      | Found an ancient bone altar of Kikubaaqudgha.
  2349 | D:3      | 2349 ||| Stepping ~*~*~tactically~*~*~ (stealth).
  2351 | D:3      | 2351 ||| Stepping ~*~*~tactically~*~*~ (stealth).
  2367 | D:3      | 2367 ||| Stepping ~*~*~tactically~*~*~ (stealth).
  2368 | D:3      | 2368 ||| Stepping ~*~*~tactically~*~*~ (stealth).
  2434 | D:3      | Found a shimmering blue altar of Sif Muna.
  2457 | D:3      | Found a hazy altar of Hepliaklqana.
  2457 | D:3      | Found a blossoming altar of Fedhas.
  2457 | D:3      | Found a radiant altar of Vehumet.
  2457 | D:3      | Found a shimmering altar of Xom.
  2458 | D:3      | Found an iron altar of Okawaru.
  2458 | D:3      | Found a burning altar of Makhleb.
  2459 | D:3      | Found an ornate altar of the Wu Jian Council.
  2460 | D:3      | Found an opulent altar of Gozag.
  2460 | D:3      | Found a basalt altar of Yredelemnul.
  2472 | D:3      | Reached skill level 5 in Axes
  2474 | D:3      | 2474 ||| FLEEEEING.
  2475 | D:3      | 2475 ||| FLEEEEING.
  2476 | D:3      | 2476 ||| FLEEEEING.
  2478 | D:3      | 2478 ||| FLEEEEING.
  2479 | D:3      | 2479 ||| FLEEEEING.
  2480 | D:3      | 2480 ||| FLEEEEING.
  2481 | D:3      | 2481 ||| FLEEEEING.
  2482 | D:3      | 2482 ||| FLEEEEING.
  2483 | D:3      | 2483 ||| FLEEEEING.
  2484 | D:3      | 2484 ||| FLEEEEING.
  2485 | D:3      | 2485 ||| FLEEEEING.
  2486 | D:3      | 2486 ||| FLEEEEING.
  2487 | D:3      | 2487 ||| FLEEEEING.
  2488 | D:3      | 2488 ||| FLEEEEING.
  2490 | D:3      | 2490 ||| FLEEEEING.
  2491 | D:3      | 2491 ||| FLEEEEING.
  2492 | D:3      | 2492 ||| FLEEEEING.
  2494 | D:3      | 2494 ||| FLEEEEING.
  2495 | D:3      | 2495 ||| FLEEEEING.
  2496 | D:3      | 2496 ||| FLEEEEING.
  2497 | D:3      | 2497 ||| FLEEEEING.
  2498 | D:3      | 2498 ||| FLEEEEING.
  2500 | D:3      | 2500 ||| FLEEEEING.
  2501 | D:3      | 2501 ||| FLEEEEING.
  2502 | D:3      | 2502 ||| FLEEEEING.
  2503 | D:3      | 2503 ||| FLEEEEING.
  2504 | D:3      | 2504 ||| FLEEEEING.
  2506 | D:3      | 2506 ||| FLEEEEING.
  2507 | D:3      | 2507 ||| FLEEEEING.
  2508 | D:3      | 2508 ||| FLEEEEING.
  2509 | D:3      | 2509 ||| FLEEEEING.
  2510 | D:3      | 2510 ||| FLEEEEING.
  2519 | D:3      | 2519 ||| FLEEEEING.
  2520 | D:3      | 2520 ||| FLEEEEING.
  2521 | D:3      | 2521 ||| FLEEEEING.
  2522 | D:3      | 2522 ||| FLEEEEING.
  2523 | D:3      | 2523 ||| FLEEEEING.
  2524 | D:3      | 2524 ||| FLEEEEING.
  2525 | D:3      | 2525 ||| FLEEEEING.
  2526 | D:3      | 2526 ||| FLEEEEING.
  2527 | D:3      | 2527 ||| FLEEEEING.
  2528 | D:3      | 2528 ||| FLEEEEING.
  2532 | D:3      | 2532 ||| FLEEEEING.
  2533 | D:3      | 2533 ||| FLEEEEING.
  2534 | D:3      | 2534 ||| FLEEEEING.
  2535 | D:3      | 2535 ||| STAIRDANCE
  2754 | D:2      | 2754 ||| READING scroll labelled LUFOKO EBEGHUO.
  2755 | D:2      | 2755 ||| Stepping randomly (stuck).
  2760 | D:2      | HP: 3/26 [constriction (8)]
  2761 | D:2      | Mangled by Crazy Yiuf

Levels and vault maps discovered:
D:1:      dpeg_arrival_tiny_i, layout_rooms, ebering_ecumenical_altar_rust,
          minmay_distorted
D:2:      layout_basic, minivault_23, corexii_corridor_pit, dk_noncrumbling_3,
          uniq_crazy_yiuf_cottage
D:3:      layout_loops_ring, lemuel_tele_altar, mainiacjoe_overflow_24_doors,
          nicolae_overflows_in_rows, gammafunk_ghost_abyssal_escape

Skill      XL: |  1  2  3  4 |
---------------+-------------+-----
Axes           | 3 4 5 |  5.0
Fighting       | |  2.0
Throwing       | |  1.0
Armour         | |  1.1
Dodging        | |  2.1
Spellcasting   | |  2.0
Translocations | |  2.4

Action                   |  1- 3 |  4- 6 || total
-------------------------+-------+-------++-------
Melee: Hand axe          |    96 |    37 ||   133
       Peck              |    15 |     3 ||    18
       Kick              |    20 |     9 ||    29
       Punch             |     2 |     1 ||     3
Throw: Boomerang         |     7 |       ||     7
  Use: Scroll            |     5 |     1 ||     6
       Potion            |     1 |       ||     1
Armor: Leather armour    |    14 |       ||    14
       Ring mail         |     9 |     7 ||    16
Dodge: Dodged            |    40 |    14 ||    54

Table legend:
 A = Non-vault XP
 B = Vault XP
 C = Vault XP percentage of total XP
 D = Non-vault monster count
 E = Vault monster count
 F = Vault count percentage of total count
                 A         B        C        D         E       F
            +---------+---------+-------+---------+---------+-------
      Total |     115 |       2 |   1.7 |      57 |       1 |   1.7
            +---------+---------+-------+---------+---------+-------
        D:1 |      41 |       2 |   4.7 |      26 |       1 |   3.7
        D:2 |      32 |       0 |   0.0 |      12 |       0 |   0.0
        D:3 |      42 |       0 |   0.0 |      19 |       0 |   0.0
            +---------+---------+-------+---------+---------+-------
